 Dungeon Crawl Stone Soup version 0.29.1 (webtiles) character file.

Game seed: 6931793850915134629

8290 lmSkywalker the Fighter (level 11, -7/76 (91) HPs)
             Began as a Demonspawn Gladiator on Sept 14, 2022.
             Was a Priest of Fedhas.
             Mangled by a spectral orc knight
             ... wielding a +3 halberd
             ... summoned by Nergalle
              (20 damage)
             ... on level 10 of the Dungeon.
             The game lasted 01:15:20 (13936 turns).

lmSkywalker the Fighter (Demonspawn Gladiator)     Turns: 13936, Time: 01:15:21

HP:   -7/76 (91)    AC: 12    Str: 15    XL:     11   Next: 8%
MP:   16/16         EV: 10    Int:  9    God:    Fedhas [***...]
Gold: 578           SH:  4    Dex: 23    Spells: 10/10 levels left

rFire   . . .      SeeInvis .   b - +3 sling (freeze)
rCold   . . .      Faith    .   (no shield)
rNeg    . . .      Spirit   .   C - +0 scale mail of the Sky {Regen+ Dex+4 Stlth+}
rPois   .          Reflect  .   c - +0 helmet
rElec   .          Harm     .   m - +0 cloak
rCorr   .          Rampage  .   (no gloves)
Will    .....                   v - +0 pair of boots
Stlth   ++........              (no amulet)
HPRegen 1.02/turn               (no ring)
MPRegen 0.15/turn               (no ring)

@: heavily drained
A: molten scales 2, powered by pain 1, condensation shield, weakness stinger 2
a: Renounce Religion, Wall of Briars, Grow Ballistomycete


You were on level 10 of the Dungeon.
You worshipped Fedhas.
Fedhas was most pleased with you.
You visited 2 branches of the dungeon, and saw 11 of its levels.

You collected 692 gold pieces.
You spent 114 gold pieces at shops.

Inventory:

Hand Weapons
 a - a +0 long sword
 b - a +3 sling of freezing (weapon)
 x - a +2 trident of venom
 z - a +1 dagger of speed
 B - a +0 broad axe
Missiles
 e - a javelin
 N - 3 atropa-tipped darts
Armour
 c - a +0 helmet (worn)
 m - a +0 cloak (worn)
 s - a +0 kite shield
 v - a +0 pair of boots (worn)
 w - the +4 ring mail of Elyvilon, Disbelieving {Str+5}
   (You found it on level 5 of the Dungeon)

   Str:       It affects your strength (+5).
 C - the +0 scale mail of the Sky (worn) {Regen+ Dex+4 Stlth+}
   (You found it on level 6 of the Dungeon)

   Dex:       It affects your dexterity (+4).
   Regen:     It increases your rate of health regeneration.
   Stlth:     It makes you more stealthy.
Wands
 E - a wand of flame (14)
 I - a wand of acid (8)
 J - a wand of mindburst (12)
 M - a wand of iceblast (9)
Scrolls
 f - a scroll of fog {unknown}
 g - a scroll of amnesia {unknown}
 k - 4 scrolls of immolation
 l - a scroll of poison {unknown}
 n - a scroll of summoning {unknown}
 o - 3 scrolls of teleportation
 u - 2 scrolls of fear
 A - a scroll of enchant armour {unknown}
 H - 2 scrolls of vulnerability
 L - a scroll of magic mapping {unknown}
Potions
 h - 3 potions of curing
 i - a potion of flight {unknown}
 j - a potion of might {unknown}
 p - a potion of magic {unknown}
 q - a potion of cancellation {unknown}
 r - 2 potions of brilliance
 t - a potion of lignification {unknown}
 D - 3 potions of attraction
 F - a potion of haste {unknown}
 G - a potion of degeneration {unknown}
 K - a potion of ambrosia {unknown}


   Skills:
 - Level 10.2 Fighting
 - Level 3.4 Long Blades
 + Level 9.3 Ranged Weapons
 - Level 1.7 Throwing
 - Level 2.6 Dodging
 + Level 6.9 Shields
 + Level 6.7 Invocations
 + Level 1.6 Evocations


You had 10 spell levels left.
You didn't know any spells.
Your spell library contained the following spells:

 Spells                   Type           Power      Damage    Failure   Level
 Summon Guardian Golem    Hex/Summ       0%         N/A       99%         3
 Orb of Destruction       Conj           0%         9d5       100%        7
 Spellforged Servitor     Conj/Summ      0%         N/A       100%        7


Dungeon Overview and Level Annotations

Branches:
Dungeon (10/15)            Temple (1/1) D:5
   Lair: D:8-11         Orc: D:9-12

Altars:
Ashenzari
Cheibriados
Dithmenos
Fedhas
Gozag
Hepliaklqana
Kikubaaqudgha
Makhleb
Nemelex Xobeh
Okawaru
Qazlal
Ru
Sif Muna
Trog
Uskayaw
Vehumet
Wu Jian
Xom
Yredelemnul

Shops:
D:3 ?

Annotations:
D:6 3 runed translucent doors
D:7 1 runed translucent door, Crazy Yiuf
D:8 Maurice
D:10 Nergalle


Innate Abilities, Weirdness & Mutations

You are mostly covered in molten scales. (AC +3)
You sometimes gain a little power by taking damage.
A meltable shield of frost defends you. (SH +4)
You have a tail ending in a sharp stinger.


Message History

The sling bullet closely misses Nergalle.
The sling bullet hits the spectral orc.
The spectral orc is severely damaged.
Nergalle hits you with a +0 dagger.
The spectral orc knight hits you from afar with a +3 halberd!
You feel drained.
The spectral orc warrior hits you with a +0 battleaxe.
You feel drained. You block the spectral orc's attack.
Nergalle points at you and mumbles some strange words.
Orcish apparitions take form around you.
Fire: b) +3 sling (freeze)
Press: ? - help, Q - select action, (/) - cycle Shift-Dir - straight line, f/p - Nergalle
Aim: Nergalle, wielding a +0 dagger and wearing a +0 robe (heavily wounded, 70% to hit)
You shoot a sling bullet.
The sling bullet hits Nergalle but does no damage.
Nergalle is heavily wounded.
The spectral orc knight hits you from afar with a +3 halberd!
* * * LOW HITPOINT WARNING * * *
You feel drained.
* * * LOW HITPOINT WARNING * * *
The spectral orc hits you but does no damage.
The spectral orc warrior hits you but does no damage.
Nergalle hits you but does no damage.
Okay, then.
Aiming: Corrosive Bolt
Press: ? - help, Shift-Dir - straight line, f/p - Nergalle
Aim: Nergalle, wielding a +0 dagger and wearing a +0 robe (heavily wounded, 68% to hit)
Okay, then.
Unknown command.
Fire: b) +3 sling (freeze)
Press: ? - help, Q - select action, (/) - cycle Shift-Dir - straight line, f/p - Nergalle
Aim: Nergalle, wielding a +0 dagger and wearing a +0 robe (heavily wounded, 70% to hit)
You shoot a sling bullet. The sling bullet hits Nergalle.
The sling bullet freezes Nergalle.
Nergalle is severely wounded.
You block the spectral orc's attack.
The spectral orc warrior closely misses you.
The spectral orc knight hits you from afar with a +3 halberd!!
You die...
Fedhas appreciates your contribution to the ecosystem.

........# #....#.#..#
#.# ........##
#...##.#..# #.#
#........# #...##.#..#
##.### #........+
#...##.#..# #.....
#........# #...##.#..#
######
###.##############.#..##
#.##........####.#...#
#.##........ZZZ#.##..#
#.##........##@#.##..#
#.##........##o#.##..#
#.##........##Z#.##..#
#.######.#####.#.##..#
###.######.# #.#.##..#
...........# #.#.##..#
###.######## #.#.##..#
#.# #.#.##..# ...
#.##..#


You could see Nergalle, 2 spectral orcs, a spectral orc warrior (summoned) and a
spectral orc knight (summoned).

Vanquished Creatures
  Harold (D:8)
  A two-headed ogre (D:9)
  Pikel (D:7)
  A cyclops (D:8)
  A komodo dragon (D:10)
  A troll (D:8)
  Prince Ribbit (D:8)
  A wraith (D:9)
  A wyvern (D:9)
  3 yaks (D:9)
  A steam dragon (D:8)
  Menkaure (D:4)
  4 black bears
  3 orc warriors
  2 ice beasts (D:6)
  2 sky beasts
  3 centaurs
  An ogre (D:4)
  3 lemures (D:7)
  2 phantoms
  A gnoll sergeant (D:9)
  A necrophage (D:6)
  3 kobold brigands
  8 bullfrogs
  2 scorpions
  4 wights (D:10)
  16 killer bees
  2 howler monkeys (D:9)
  3 jellies
  2 hounds
  4 orc priests
  A gnoll bouda (D:6)
  2 iguanas (D:4)
  7 orc wizards
  Terence (D:3)
  14 gnolls
  6 adders
  2 shadow imps
  An ufetubus (D:6)
  3 worms
  4 dart slugs
  24 orcs
  4 endoplasms
  6 giant cockroaches
  8 hobgoblins
  6 jackals
  6 quokkas
  4 ball pythons
  8 bats
  A frilled lizard (D:2)
  9 goblins
  20 kobolds
  4 rats
221 creatures vanquished.

Vanquished Creatures (collateral kills)
  Psyche (D:9)
  A wight (D:10)
2 creatures vanquished.

Grand Total: 223 creatures vanquished

Notes
Turn   | Place    | Note
-------+----------+-------------------------------------------
     0 | D:1      | lmSkywalker the Demonspawn Gladiator began the quest for
                  | the Orb.
     0 | D:1      | Reached XP level 1. HP: 16/16 MP: 1/1
   465 | D:1      | Gained mutation: You sometimes gain a little power by
                  | taking damage. [demonic ancestry]
   465 | D:1      | Reached XP level 2. HP: 22/22 MP: 2/2
   734 | D:1      | Reached skill level 1 in Ranged Weapons
   947 | D:2      | Found a burning altar of Makhleb.
   969 | D:2      | Reached XP level 3. HP: 21/27 MP: 3/3
  1804 | D:3      | Gained mutation: You have a small tail. [demonic ancestry]
  1804 | D:3      | Reached XP level 4. HP: 33/33 MP: 4/4
  2078 | D:3      | Found Orugyriw's Magic Scroll Emporium.
  2083 | D:3      | Bought a scroll of identify for 24 gold pieces
  2083 | D:3      | Bought a scroll of blinking for 90 gold pieces
  2201 | D:3      | Noticed Terence
  2295 | D:3      | Killed Terence
  2461 | D:3      | Gained mutation: You have a tail ending in a sharp stinger.
                  | [demonic ancestry]
  2461 | D:3      | Reached XP level 5. HP: 6/38 MP: 5/5
  3008 | D:4      | Noticed Menkaure
  3404 | D:4      | Found a stormy altar of Qazlal.
  3954 | D:4      | Killed Menkaure
  3955 | D:4      | Reached skill level 5 in Ranged Weapons
  3955 | D:4      | Reached XP level 6. HP: 36/44 MP: 6/6
  4036 | D:4      | Found a shimmering blue altar of Sif Muna.
  4248 | D:4      | Found a sparkling altar of Nemelex Xobeh.
  4553 | D:4      | Gained mutation: A meltable shield of frost defends you.
                  | (SH +4) [demonic ancestry]
  4553 | D:4      | Reached XP level 7. HP: 50/50 MP: 7/7
  5182 | D:5      | Entered Level 5 of the Dungeon
  5257 | D:5      | Identified the +4 ring mail of Elyvilon, Disbelieving
                  | {Str+5}
  5980 | D:5      | Found a staircase to the Ecumenical Temple.
  6042 | Temple   | Entered the Ecumenical Temple
  6344 | Temple   | Became a worshipper of Fedhas Madash
  6497 | D:5      | Reached XP level 8. HP: 35/56 MP: 8/8
  7341 | D:6      | Found a runed translucent gate.
  7341 | D:6      | Found a runed translucent gate.
  7341 | D:6      | Found a runed translucent gate.
  7672 | D:6      | Identified the +0 scale mail of the Sky {Regen+ Dex+4
                  | Stlth+}
  7674 | D:6      | Identified the +3 ring mail of the Old and Reckless {Harm
                  | Int+3 Dex-3 Stlth+}
  7984 | D:6      | Reached skill level 3 in Fighting
  8643 | D:6      | Reached skill level 4 in Fighting
  9131 | D:7      | Identified the +6 hammer "Feojoc" {elec, rC+ Stlth+}
  9136 | D:7      | Found a runed translucent door.
  9137 | D:7      | Noticed Crazy Yiuf
  9209 | D:6      | Reached * piety under Fedhas
  9210 | D:6      | Reached skill level 5 in Fighting
  9260 | D:7      | Reached skill level 1 in Shields
  9650 | D:7      | Gained mutation: You are partially covered in molten
                  | scales. (AC +2) [demonic ancestry]
  9650 | D:7      | Reached XP level 9. HP: 36/68 MP: 9/9
  9865 | D:7      | Reached skill level 6 in Fighting
  9997 | D:7      | Noticed Pikel
 10020 | D:7      | Killed Pikel
 10062 | D:7      | Reached skill level 7 in Fighting
 10574 | D:7      | Reached skill level 5 in Shields
 10747 | D:8      | Noticed a troll
 10772 | D:8      | Killed a troll
 10773 | D:8      | Reached skill level 8 in Fighting
 10879 | D:8      | Noticed a cyclops
 10940 | D:7      | Gained mutation: You are mostly covered in molten scales.
                  | (AC +3) [demonic ancestry]
 10940 | D:7      | Reached XP level 10. HP: 76/80 MP: 10/10
 10946 | D:8      | Reached ** piety under Fedhas
 11198 | D:8      | Killed a cyclops
 11262 | D:8      | Noticed Maurice
 11438 | D:8      | Noticed Prince Ribbit
 11453 | D:8      | Killed Prince Ribbit
 11718 | D:9      | Reached skill level 9 in Fighting
 11718 | D:9      | Reached skill level 1 in Invocations
 11942 | D:9      | Reached *** piety under Fedhas
 12099 | D:9      | Found a shimmering altar of Xom.
 12178 | D:9      | Noticed Harold
 12181 | D:9      | Noticed a two-headed ogre
 12260 | D:8      | Killed Harold
 12743 | D:9      | Noticed Psyche
 12748 | D:9      | Killed Psyche
 12749 | D:9      | Reached skill level 5 in Invocations
 12868 | D:9      | Reached skill level 10 in Fighting
 13024 | D:9      | Killed a two-headed ogre
 13025 | D:9      | Reached skill level 1 in Evocations
 13324 | D:10     | Entered Level 10 of the Dungeon
 13339 | D:10     | Reached XP level 11. HP: 71/91 MP: 15/15
 13365 | D:10     | Noticed a two-headed ogre
 13919 | D:10     | Noticed Nergalle
 13936 | D:10     | Mangled by a spectral orc knight

Illustrated notes

Levels and vault maps discovered:
D:1:      giann_wishing_wells, layout_basic, minmay_vboxes
D:2:      layout_rooms, basic_altar, grunt_ministairs_2, cheibrodos_gnoll_hut
D:3:      layout_basic, serial_shops, shop, uniq_terence
D:4:      layout_basic, chequers_temple_overflow_statue_of_worship,
          led_sif_book, minmay_box_of_dots, uniq_menkaure
D:5:      cheibrodos_thug_alley, layout_loops_corners, temple_pool_b
D:6:      layout_loops_cross, gammafunk_ghost_cemetery
D:7:      layout_rooms, eino_jars, uniq_crazy_yiuf_cottage, uniq_pikel
D:8:      layout_rooms, uniq_maurice, uniq_prince_ribbit1
D:9:      layout_loops_cross, xom_teletrap_fun, kennysheep_decorative_pillar,
          uniq_harold, uniq_psyche
D:10:     layout_basic, uniq_nergalle
Temple:   minmay_temple_bridge_d

Skill      XL: |  1  2  3  4  5  6  7  8  9 10 |
---------------+-------------------------------+-----
Long Blades    | 3 |  3.4
Ranged Weapons | 1 2 3 5 6 8 9 |  9.3
Fighting       | 5 8 10 | 10.2
Shields        | 1 5 6 |  6.9
Invocations    | 6 |  6.7
Evocations     | 1 |  1.6
Throwing       | |  1.7
Dodging        | |  2.6

Action                   |  1- 3 |  4- 6 |  7- 9 | 10-12 || total
-------------------------+-------+-------+-------+-------++-------
Melee: Long sword        |    36 |       |       |       ||    36
       Punch             |     1 |       |       |       ||     1
 Fire: Sling             |    67 |   172 |   559 |   246 ||  1044
Throw: Dart              |       |       |       |     3 ||     3
       Throwing net      |       |       |       |     5 ||     5
Invok: Wall of Briars    |       |       |       |     3 ||     3
Evoke: Wand              |       |       |     2 |     8 ||    10
  Use: Scroll            |       |     2 |     1 |     9 ||    12
       Potion            |       |       |     2 |     2 ||     4
 Stab: Sleeping          |     1 |       |       |       ||     1
Armor: Leather armour    |    23 |    27 |    15 |       ||    65
       Ring mail         |       |       |    32 |       ||    32
       Scale mail        |       |       |   147 |    41 ||   188
Dodge: Dodged            |    44 |    74 |   218 |    72 ||   408
Block: Other             |       |       |    74 |    14 ||    88
       Kite shield       |       |       |    34 |    58 ||    92
